 Dungeon Crawl Stone Soup version 0.31-a0-145-g046c7d2549 (webtiles) character file.

Game seed: 3341488078002174807

885 rddays123 the Shield-Bearer (level 7, -2/64 HPs)
             Began as a Minotaur Fighter on June 4, 2023.
             Splashed by a jelly's acid (6 damage)
             ... on level 6 of the Dungeon on June 5, 2023.
             The game lasted 00:08:25 (3767 turns).

rddays123 the Shield-Bearer (Minotaur Fighter)      Turns: 3767, Time: 00:08:25

Health: -2/64      AC:  3    Str: 22    XL:     7   Next: 76%
Magic:  6/6        EV:  9    Int:  5    God:
Gold:   354        SH:  6    Dex: 16    Spells: 6/6 levels left

rFire   . . .        a - +0 war axe
rCold   . . .        c - +0 buckler
rNeg    + . .        b - +0 scale mail
rPois   .            (helmet restricted)
rElec   .            (no cloak)
rCorr   .            (no gloves)
SInv    .            o - +2 pair of boots of Dawn {+Blink}
Will    .....        (no amulet) Stlth
                     g - +6 ring of dexterity
HPRegen 0.30/turn    l - ring of positive energy
MPRegen 0.10/turn

%: no passive effects
@: corroded
A: horns 2, retaliatory headbutt
a: Evoke Blink


You were on level 6 of the Dungeon.
You visited 1 branch of the dungeon, and saw 6 of its levels.

You collected 354 gold pieces.

Inventory:

Hand Weapons
 a - a +0 war axe (weapon)
Armour
 b - a +0 scale mail (worn)
 c - a +0 buckler (worn)
 o - the +2 pair of boots of Dawn (worn) {+Blink}
   (You found it on level 3 of the Dungeon)

   +Blink:    It lets you blink.
Jewellery
 f - an amulet of magic regeneration
 g - a +6 ring of dexterity (left hand)
 l - a ring of positive energy (right hand)
Wands
 p - a wand of flame (28)
 u - a wand of polymorph (6)
 x - a wand of mindburst (19)
Scrolls
 h - a scroll of enchant weapon {unknown}
 i - 2 scrolls of immolation
 j - 2 scrolls of magic mapping {unknown}
 k - 2 scrolls of amnesia {unknown}
 m - 2 scrolls of teleportation
 n - a scroll of enchant armour {unknown}
 r - a scroll of fog {unknown}
 s - a scroll of blinking
 w - a scroll of identify
 y - a scroll of brand weapon {unknown}
Potions
 d - a potion of might
 e - 2 potions of brilliance
 q - a potion of magic {unknown}
 t - a potion of curing {unknown}
 v - a potion of enlightenment {unknown}
 z - a potion of heal wounds {unknown}


   Skills:
 + Level 6.4 Fighting
 + Level 5.7 Axes
 + Level 6.4 Armour
 + Level 6.4 Shields


You had 6 spell levels left.
You didn't know any spells.
Your spell library contained the following spells:

 Spells                   Type           Power      Damage    Failure   Level
 Ensorcelled Hibernation  Hex/Ice        0%         N/A       93%         2
 Passwall                 Tmut/Erth      0%         N/A       93%         2
 Static Discharge         Conj/Air       0%         2-2/arc   93%         2
 Swiftness                Air            0%         N/A       99%         3
 Airstrike                Air            0%         2d(0-16)  100%        4
 Summon Lightning Spire   Summ/Air       0%         N/A       100%        4


Dungeon Overview and Level Annotations

Branches:
Dungeon (6/15)
 Temple: D:4-7

Altars:
Ashenzari
Gozag
The Shining One

Shops:
D:2 =

Annotations:
D:2 1 runed translucent door, Crazy Yiuf
D:6 Dowan


Innate Abilities, Weirdness & Mutations

You have a pair of horns on your head.
You reflexively headbutt those who attack you in melee.


Message History

Dowan gestures at you while chanting. The shard of ice hits you!!
You miss Dowan.
Dowan is severely wounded.
You barely miss the jelly.
Dowan mumbles some strange words.
Dowan blinks!
The jelly hits you. The acid corrodes you!
You are splashed with acid!
* * * LOW HITPOINT WARNING * * *
You block the jelly's attack.
Dowan casts a spell.
Dowan blinks!
The jelly jiggles.
The jelly barely misses you.
Things that are here:
a +0 short sword; a +0 leather armour of cold resistance
Found a flail.
Dowan shakes with grief.
Dowan mumbles some strange words.
Dowan blinks!
The jelly hits you but does no damage. The jelly closely misses you.
You furiously retaliate!
You headbutt the jelly.
Found 11 gold pieces.
The jelly attacks as you move away! You block the jelly's attack.
The jelly attacks as you move away! You block the jelly's attack.
The jelly attacks as you move away! The jelly barely misses you.
Dowan casts a spell.
Dowan blinks!
You see here a +0 flail.
Dowan says, "Her death will not be in vain!"
An adder comes into view.
The adder hisses angrily.
You see here 11 gold pieces.
The jelly attacks as you move away! The jelly hits you.
* * * LOW HITPOINT WARNING * * *
You are splashed with acid!
* * * LOW HITPOINT WARNING * * *
The jelly attacks as you move away! The jelly hits you.
* * * LOW HITPOINT WARNING * * *
You are splashed with acid.
You die...

#......###.### ##
#.....^......#
####.#..####.#.#
..........##.#.#
.###.#..#.##)# #
# ........##e# .#
###...#..##.# ..
#...#..##J#.#.###
#...#..##@.S.....
#.............###
##..##<####.###
#.... #.# .# #.#.
#.# .# # #. #.# #
#.# ... #..


You could see Dowan (fast), a jelly and an adder.

Vanquished Creatures
  Duvessa (D:6)
  A black bear (D:5)
  An ogre (D:4)
  A phantom (D:4)
  2 scorpions (D:5)
  A howler monkey (D:5)
  2 hounds
  Terence (D:3)
  An iguana (D:4)
  Ijyb (D:3)
  A gnoll (D:1)
  11 adders
  A white imp (D:5)
  3 worms
  11 dart slugs
  5 orcs
  9 ball pythons
  9 bats
  5 endoplasms
  6 giant cockroaches
  7 goblins
  8 hobgoblins
  6 jackals
  4 quokkas
  A frilled lizard (D:2)
  2 kobolds
  3 rats
104 creatures vanquished.

Notes
Turn   | Place    | Note
-------+----------+-------------------------------------------
     0 | D:1      | rddays123 the Minotaur Fighter began the quest for the Orb.
     0 | D:1      | Reached XP level 1. HP: 19/19 MP: 0/0
   155 | D:1      | Reached XP level 2. HP: 27/27 MP: 1/1
   286 | D:1      | Reached XP level 3. HP: 31/33 MP: 2/2
   337 | D:1      | Found a faded altar of an unknown god.
   928 | D:2      | Found a runed translucent door.
   929 | D:2      | Noticed Crazy Yiuf
  1061 | D:2      | Reached XP level 4. HP: 40/41 MP: 3/3
  1166 | D:2      | Found Pilawet's Jewellery Shoppe.
  1492 | D:3      | Identified the +2 pair of boots of Dawn {+Blink}
  1542 | D:3      | Found a broken altar of Ashenzari.
  1550 | D:3      | Reached XP level 5. HP: 47/47 MP: 4/4
  1640 | D:3      | Noticed Terence
  1649 | D:3      | Killed Terence
  2062 | D:3      | Noticed Ijyb
  2072 | D:3      | Killed Ijyb
  2073 | D:3      | Reached skill level 5 in Shields
  2196 | D:4      | Reached skill level 5 in Fighting
  2234 | D:4      | Reached skill level 5 in Armour
  2273 | D:4      | Noticed an ogre
  2288 | D:4      | Killed an ogre
  2289 | D:4      | Reached XP level 6. HP: 53/56 MP: 5/5
  2432 | D:4      | Found an opulent altar of Gozag.
  2434 | D:4      | Found a glowing golden altar of the Shining One.
  2962 | D:5      | Entered Level 5 of the Dungeon
  3065 | D:5      | Reached skill level 5 in Axes
  3065 | D:5      | Reached XP level 7. HP: 62/62 MP: 6/6
  3247 | D:5      | Identified the +9 dagger of Gehenna {holy, Contam Will+
                  | Str+3 SInv}
  3734 | D:6      | Noticed Dowan
  3735 | D:6      | Noticed Duvessa
  3751 | D:6      | Killed Duvessa
  3767 | D:6      | Splashed by a jelly's acid

Illustrated notes

Levels and vault maps discovered:
D:1:      dpeg_arrival_arbitrary_a, layout_loops_ring,
          shapermc_ecumenical_altar_mp_ritualfount, moated_statue
D:2:      minmay_skewed_foursquare, layout_loops_cross, serial_shops, shop,
          uniq_crazy_yiuf_cottage
D:3:      layout_loops_ring, evilmike_ruin_ashenzari, uniq_ijyb, uniq_terence
D:4:      kennysheep_slugbush, layout_loops_ring,
          mainiacjoe_overflow_catwalk_spiral
D:5:      layout_loops_ring
D:6:      layout_loops_ring, uniq_duvessa, uniq_grinder, uniq_sigmund

Skill      XL: |  1  2  3  4  5  6  7 |
---------------+----------------------+-----
Fighting       | 4 5 6 |  6.4
Armour         | 4 5 6 |  6.4
Shields        | 4 5 6 |  6.4
Axes           | 3 4 5 |  5.7

Action                     |  1- 3 |  4- 6 |  7- 9 || total
---------------------------+-------+-------+-------++-------
  Melee: War axe           |    81 |   129 |    39 ||   249
         Headbutt          |     9 |    23 |     9 ||    41
         Unarmed           |       |     3 |       ||     3
    Use: Scroll            |       |     4 |       ||     4
 Armour: Scale mail        |    56 |    76 |    15 ||   147
         Skin              |       |     1 |       ||     1
  Dodge: Dodged            |    36 |    70 |    21 ||   127
  Block: Buckler           |    21 |    32 |    18 ||    71

Table legend: (Time is in decaauts)
 A = Elapsed time spent in this place.
 B = Non-inter-level travel time spent in this place.
 C = Inter-level travel time spent in this place.
 D = Time resting spent in this place.
 E = Time spent auto-exploring this place.
 F = Levels seen in this place.
 G = Mean time per level.
                   A        B        C        D        E       F      G
               +--------+--------+--------+--------+--------+-----+--------+
         Total |   3868 |   3688 |    180 |    185 |   2721 |   6 |  644.7 |
       Dungeon |   3868 |   3688 |    180 |    185 |   2721 |   6 |  644.7 |
               +--------+--------+--------+--------+--------+-----+--------+

Top non-repeatable levels by time:
     D:1: 832 daAuts
     D:4: 818 daAuts
     D:5: 762 daAuts
     D:2: 736 daAuts
     D:3: 670 daAuts
     D:6: 48 daAuts
